| TOP OF THE 1ST |
|
Lehigh Valley IronPigs batting - Pitching for Oklahoma City Dodgers : LHP J.P. Blair
|
|
Pitching: LHP J.P. Blair
|
|
|
Batting: RHB Chris Pounds
|
0-0: Called Strike 0-1: Swinging Strike 0-2: Ball 1-2: Strikes out swinging
|
|
Batting: SHB Phuck II
|
0-0: DOUBLE (Line Drive, 78D, EV 105.6 MPH)
|
|
Batting: RHB Matt Sanders
|
0-0: Ball 1-0: SINGLE (Groundball, 56D, EV 112.5 MPH) (infield hit) Phuck II to third
|
|
Batting: SHB Benjamin Brown
|
0-0: Ball 1-0: Ball 2-0: Foul Ball, location: 2F 2-1: Foul Ball, location: 2F 2-2: Strikes out swinging
|
|
Batting: RHB Luis Arce
|
0-0: Called Strike 0-1: Ball 1-1: Fielders Choice at 2nd, 5-4 (Groundball, 5, EV 87.5 MPH)
|
| Top of the 1st over - 0 runs, 2 hits, 0 errors, 2 left on base; Lehigh Valley 0 - Oklahoma City 0 |
| BOTTOM OF THE 1ST |
|
Oklahoma City Dodgers batting - Pitching for Lehigh Valley IronPigs : RHP Mario Arce
|
|
Pitching: RHP Mario Arce
|
|
|
Batting: LHB Tony Vitela
|
0-0: Called Strike 0-1: Fly out, F2 (Popup, 23F, EV 80.0 MPH)
|
|
Batting: RHB Jeremy Giesler
|
0-0: Ball 1-0: Ground out 6-3 (Groundball, 6, EV 90.6 MPH)
|
|
Batting: LHB Tommy King
|
0-0: Called Strike 0-1: Called Strike 0-2: Single, Error in OF, E8, batter to second base (Groundball, 6D, EV 93.8 MPH)
|
|
Batting: RHB John Manocchio
|
0-0: Foul Ball, location: 2F 0-1: SINGLE (Groundball, 4MD, EV 104.4 MPH) Tommy King to third Runner from 3rd tries for Home, SAFE, throw by CF to home
|
|
Batting: RHB Vinny Vasquez
|
0-0: Called Strike 0-1: Called Strike 0-2: Ball 1-2: Fielders Choice at 2nd, 6-4 (Groundball, 6, EV 83.8 MPH)
|
| Bottom of the 1st over - 1 run, 2 hits, 1 error, 1 left on base; Lehigh Valley 0 - Oklahoma City 1 |
| TOP OF THE 2ND |
|
Lehigh Valley IronPigs batting - Pitching for Oklahoma City Dodgers : LHP J.P. Blair
|
|
Batting: RHB Jake Cox
|
0-0: Swinging Strike 0-1: Ball 1-1: Foul Ball, location: 2F 1-2: Strikes out swinging
|
|
Batting: LHB Osamu Kubo
|
0-0: Ball 1-0: Foul Ball, location: 2F 1-1: Ball 2-1: Called Strike 2-2: Fly out, F7 (Flyball, 7D, EV 100.6 MPH)
|
|
Batting: LHB Jose Carlos
|
0-0: Ball 1-0: Called Strike 1-1: Foul Ball, location: 2F 1-2: Ball 2-2: Strikes out swinging
|
| Top of the 2nd over - 0 runs, 0 hits, 0 errors, 0 left on base; Lehigh Valley 0 - Oklahoma City 1 |
| BOTTOM OF THE 2ND |
|
Oklahoma City Dodgers batting - Pitching for Lehigh Valley IronPigs : RHP Mario Arce
|
|
Batting: RHB Jonathan Rangel
|
0-0: Ball 1-0: Called Strike 1-1: Foul Ball, location: 2F 1-2: Ball 2-2: Foul Ball, location: 2F 2-2: Ball 3-2: Ground out 1-3 (Groundball, 25, EV 73.1 MPH)
|
|
Batting: RHB Jim Rogers
|
0-0: Foul Ball, location: 2F 0-1: Swinging Strike 0-2: Ball 1-2: Ball 2-2: Ball 3-2: Base on Balls
|
|
Batting: RHB Carlos Talavera
|
0-0: Ball 1-0: Ball 2-0: Fly out, F8 (Line Drive, 8LM, EV 89.4 MPH)
|
|
Batting: RHB Mike Dodson
|
0-0: Called Strike 0-1: Ball 1-1: Ground out 2-3 (Groundball, 2R, EV 68.1 MPH)
|
| Bottom of the 2nd over - 0 runs, 0 hits, 0 errors, 1 left on base; Lehigh Valley 0 - Oklahoma City 1 |
| TOP OF THE 3RD |
|
Lehigh Valley IronPigs batting - Pitching for Oklahoma City Dodgers : LHP J.P. Blair
|
|
Batting: SHB Bob Dixon
|
0-0: Called Strike 0-1: Fly out, F8 (Flyball, 89M, EV 90.6 MPH)
|
|
Batting: RHB Chris Pounds
|
0-0: Ball 1-0: Ball 2-0: Ball 3-0: Base on Balls
|
|
Batting: SHB Phuck II
|
0-0: Swinging Strike 0-1: Swinging Strike 0-2: Ball 1-2: Strikes out swinging
|
|
Batting: RHB Matt Sanders
|
0-0: Ball 1-0: Foul Ball, location: 2F 1-1: 2-RUN HOME RUN (Flyball, 8RXD, EV 110.6 MPH), Distance : 433 ft
|
|
Batting: SHB Benjamin Brown
|
0-0: Ball 1-0: Fly out, F9 (Flyball, 9D, EV 107.5 MPH)
|
| Top of the 3rd over - 2 runs, 1 hit, 0 errors, 0 left on base; Lehigh Valley 2 - Oklahoma City 1 |
| BOTTOM OF THE 3RD |
|
Oklahoma City Dodgers batting - Pitching for Lehigh Valley IronPigs : RHP Mario Arce
|
|
Batting: LHB Tony Vitela
|
0-0: Ball 1-0: Foul Ball, location: 2F 1-1: Ground out 3-1 (Groundball, 34, EV 87.5 MPH)
|
|
Batting: RHB Jeremy Giesler
|
0-0: Ball 1-0: Swinging Strike 1-1: Called Strike 1-2: Ball 2-2: Ball 3-2: Ground out U3 (Groundball, 3S, EV 83.8 MPH)
|
|
Batting: LHB Tommy King
|
0-0: Ball 1-0: Foul Ball, location: 2F 1-1: Ground out 6-3 (Groundball, 6, EV 81.9 MPH)
|
| Bottom of the 3rd over - 0 runs, 0 hits, 0 errors, 0 left on base; Lehigh Valley 2 - Oklahoma City 1 |
| TOP OF THE 4TH |
|
Lehigh Valley IronPigs batting - Pitching for Oklahoma City Dodgers : LHP J.P. Blair
|
|
Batting: RHB Luis Arce
|
0-0: Called Strike 0-1: Ball 1-1: Ball 2-1: Ball 3-1: Base on Balls
|
|
Batting: RHB Jake Cox
|
0-0: Called Strike 0-1: Called Strike 0-2: Foul Ball, location: 2F 0-2: Ball 1-2: Strikes out looking
|
|
Batting: LHB Osamu Kubo
|
0-0: Called Strike 0-1: Ball 1-1: Swinging Strike 1-2: Strikes out looking
|
|
Batting: LHB Jose Carlos
|
0-0: SINGLE (Groundball, 34S, EV 68.8 MPH) (infield hit) Luis Arce to second
|
|
Batting: SHB Bob Dixon
|
0-0: Ball 1-0: Ball 2-0: Fielders Choice at 2nd, U4 (Groundball, 4M, EV 105.0 MPH)
|
| Top of the 4th over - 0 runs, 1 hit, 0 errors, 2 left on base; Lehigh Valley 2 - Oklahoma City 1 |
| BOTTOM OF THE 4TH |
|
Oklahoma City Dodgers batting - Pitching for Lehigh Valley IronPigs : RHP Mario Arce
|
|
Batting: RHB John Manocchio
|
0-0: Ball 1-0: Fly out, F7 (Flyball, 7S, EV 74.4 MPH)
|
|
Batting: RHB Vinny Vasquez
|
0-0: Called Strike 0-1: Ball 1-1: Called Strike 1-2: SINGLE (Line Drive, 4M, EV 93.8 MPH)
|
|
Batting: RHB Jonathan Rangel
|
0-0: Ball 1-0: Ball Vinny Vasquez is caught stealing 2nd base 2-4 2-0: Ball 3-0: Called Strike 3-1: SINGLE (Groundball, 5S, EV 63.8 MPH) (infield hit)
|
|
Batting: RHB Jim Rogers
|
0-0: Called Strike Jonathan Rangel is caught stealing 2nd base 2-4
|
| Bottom of the 4th over - 0 runs, 2 hits, 0 errors, 0 left on base; Lehigh Valley 2 - Oklahoma City 1 |
| TOP OF THE 5TH |
|
Lehigh Valley IronPigs batting - Pitching for Oklahoma City Dodgers : LHP J.P. Blair
|
|
Batting: RHB Chris Pounds
|
0-0: Called Strike 0-1: Ball 1-1: Ball 2-1: Foul Ball, location: 2F 2-2: Strikes out swinging
|
|
Batting: SHB Phuck II
|
0-0: Ball 1-0: Foul Ball, location: 2F 1-1: Swinging Strike 1-2: Ball 2-2: Foul Ball, location: 2F 2-2: Strikes out swinging
|
|
Batting: RHB Matt Sanders
|
0-0: Called Strike 0-1: Called Strike 0-2: Ball 1-2: Strikes out swinging
|
| Top of the 5th over - 0 runs, 0 hits, 0 errors, 0 left on base; Lehigh Valley 2 - Oklahoma City 1 |
| BOTTOM OF THE 5TH |
|
Oklahoma City Dodgers batting - Pitching for Lehigh Valley IronPigs : RHP Mario Arce
|
|
Batting: RHB Jim Rogers
|
0-0: Foul Ball, location: 2F 0-1: Foul Ball, location: 2F 0-2: Ball 1-2: Foul Ball, location: 2F 1-2: Ball 2-2: Ball 3-2: Ground out 3-1 (Groundball, 34, EV 83.1 MPH)
|
|
Batting: RHB Carlos Talavera
|
0-0: Fly out, F8 (Flyball, 78M, EV 83.8 MPH)
|
|
Batting: RHB Mike Dodson
|
0-0: Ball 1-0: Called Strike 1-1: SINGLE (Groundball, 6M, EV 96.2 MPH) (infield hit)
|
|
Batting: LHB Tony Vitela
|
0-0: Ball 1-0: Called Strike 1-1: Ball 2-1: Called Strike 2-2: Fly out, F8 (Flyball, 8LD, EV 106.9 MPH)
|
| Bottom of the 5th over - 0 runs, 1 hit, 0 errors, 1 left on base; Lehigh Valley 2 - Oklahoma City 1 |
| TOP OF THE 6TH |
|
Lehigh Valley IronPigs batting - Pitching for Oklahoma City Dodgers : LHP J.P. Blair
|
|
Batting: SHB Benjamin Brown
|
0-0: Called Strike 0-1: Foul Ball, location: 2F 0-2: Strikes out swinging
|
|
Batting: RHB Luis Arce
|
0-0: Ball 1-0: Foul Ball, location: 2F 1-1: Ball 2-1: Called Strike 2-2: Strikes out swinging
|
|
Batting: RHB Jake Cox
|
0-0: Ball 1-0: Foul Ball, location: 2F 1-1: Called Strike 1-2: Strikes out looking
|
| Top of the 6th over - 0 runs, 0 hits, 0 errors, 0 left on base; Lehigh Valley 2 - Oklahoma City 1 |
| BOTTOM OF THE 6TH |
|
Oklahoma City Dodgers batting - Pitching for Lehigh Valley IronPigs : RHP Mario Arce
|
|
Batting: RHB Jeremy Giesler
|
0-0: Called Strike 0-1: Fly out, F9 (Line Drive, 9LM, EV 88.8 MPH)
|
|
Batting: LHB Tommy King
|
0-0: Ball 1-0: Ball 2-0: Ball 3-0: SINGLE (Flyball, 4D, EV 96.2 MPH)
|
|
Batting: RHB John Manocchio
|
0-0: Ball 1-0: Called Strike 1-1: Fielders Choice at 2nd, 6-4 (Groundball, 56, EV 79.4 MPH)
|
|
Batting: RHB Vinny Vasquez
|
0-0: Ball 1-0: Swinging Strike 1-1: Called Strike 1-2: Foul Ball, location: 2F 1-2: Ball 2-2: Ground out 5-3 (Groundball, 15, EV 84.4 MPH)
|
| Bottom of the 6th over - 0 runs, 1 hit, 0 errors, 1 left on base; Lehigh Valley 2 - Oklahoma City 1 |
| TOP OF THE 7TH |
|
Lehigh Valley IronPigs batting - Pitching for Oklahoma City Dodgers : LHP J.P. Blair
|
|
Batting: LHB Osamu Kubo
|
0-0: Foul Ball, location: 2F 0-1: Ball 1-1: Ball 2-1: SINGLE (Line Drive, 8RS, EV 100.0 MPH)
|
|
Pitching: RHP Santiago Montero
|
|
|
Batting: LHB Jose Carlos
|
0-0: Ball Osamu Kubo steals 2nd, throwing error, E2 Osamu Kubo to third 1-0: Ball 2-0: Ball 3-0: Base on Balls
|
|
Batting: SHB Bob Dixon
|
0-0: Foul Ball, location: 2F 0-1: Foul Ball, location: 2F 0-2: Ball 1-2: Ball 2-2: Strikes out swinging
|
|
Batting: RHB Chris Pounds
|
0-0: Foul Ball, location: 2F 0-1: Swinging Strike 0-2: Ball 1-2: Strikes out swinging
|
|
Batting: SHB Phuck II
|
0-0: Foul Ball, location: 2F 0-1: Foul Ball, location: 2F 0-2: Strikes out swinging
|
| Top of the 7th over - 0 runs, 1 hit, 1 error, 2 left on base; Lehigh Valley 2 - Oklahoma City 1 |
| BOTTOM OF THE 7TH |
|
Oklahoma City Dodgers batting - Pitching for Lehigh Valley IronPigs : RHP Mario Arce
|
|
Pinch Hitting: LHB Yasahiko Teshima
|
0-0: Ball 1-0: Foul Ball, location: 2F 1-1: Fly out, F6 (Popup, 4M, EV 55.0 MPH)
|
|
Pinch Hitting: SHB Ken Welch
|
0-0: Swinging Strike 0-1: Ball 1-1: Foul Ball, location: 2F 1-2: Ball 2-2: Fly out, F6 (Popup, 4M, EV 71.9 MPH)
|
|
Batting: RHB Carlos Talavera
|
0-0: Ground out 1-3 (Groundball, 13S, EV 67.5 MPH)
|
| Bottom of the 7th over - 0 runs, 0 hits, 0 errors, 0 left on base; Lehigh Valley 2 - Oklahoma City 1 |
| TOP OF THE 8TH |
|
Lehigh Valley IronPigs batting - Pitching for Oklahoma City Dodgers : RHP Santiago Montero
|
|
Now at 2B: Ken Welch
|
|
|
Now in LF: Yasahiko Teshima
|
|
|
Batting: RHB Matt Sanders
|
0-0: Called Strike 0-1: Ball 1-1: Ground out 5-3 (Groundball, 56, EV 105.0 MPH)
|
|
Batting: SHB Benjamin Brown
|
0-0: Foul Ball, location: 2F 0-1: Ball 1-1: Ground out 6-3 (Groundball, 6M, EV 105.6 MPH)
|
|
Batting: RHB Luis Arce
|
0-0: Swinging Strike 0-1: Ground out 6-3 (Groundball, 6, EV 86.9 MPH)
|
| Top of the 8th over - 0 runs, 0 hits, 0 errors, 0 left on base; Lehigh Valley 2 - Oklahoma City 1 |
| BOTTOM OF THE 8TH |
|
Oklahoma City Dodgers batting - Pitching for Lehigh Valley IronPigs : RHP Mario Arce
|
|
Pinch Hitting: SHB Nate Kopchak
|
0-0: Ball 1-0: Called Strike 1-1: Ball 2-1: Ball 3-1: Base on Balls
|
|
Pitching: RHP Andy Burchfield
|
|
|
Batting: LHB Tony Vitela
|
0-0: Sac Bunt to 13S - play at first, batter OUT! 1-3 Nate Kopchak to second
|
|
Batting: RHB Jeremy Giesler
|
0-0: Foul Ball, location: 2F 0-1: Ball Wild Pitch! Nate Kopchak to third 1-1: Squeeze Bunt to 13 - play home, runner scores, batter safe! Nate Kopchak scores
|
|
Batting: LHB Tommy King
|
0-0: Ball 1-0: Reached on error, E4 (Groundball, 4, EV 92.5 MPH) Jeremy Giesler to second
|
|
Batting: RHB John Manocchio
|
0-0: Foul Ball, location: 2F 0-1: Called Strike 0-2: Ball 1-2: Foul Ball, location: 2F 1-2: Ball 2-2: Strikes out swinging
|
|
Batting: RHB Vinny Vasquez
|
0-0: Called Strike 0-1: Foul Ball, location: 2F 0-2: Ball 1-2: Strikes out swinging
|
| Bottom of the 8th over - 1 run, 0 hits, 1 error, 2 left on base; Lehigh Valley 2 - Oklahoma City 2 |
| TOP OF THE 9TH |
|
Lehigh Valley IronPigs batting - Pitching for Oklahoma City Dodgers : RHP Santiago Montero
|
|
Pitching: RHP Jared Wisham
|
|
|
Now at SS: Frank Mullen
|
|
|
Pinch Hitting: LHB Danny Hill
|
0-0: Called Strike 0-1: Ground out 4-3 (Groundball, 4, EV 108.8 MPH)
|
|
Batting: LHB Osamu Kubo
|
0-0: Fly out, F4 (Line Drive, 4, EV 67.5 MPH)
|
|
Batting: LHB Jose Carlos
|
0-0: Ball 1-0: Ball 2-0: Called Strike 2-1: SINGLE (Groundball, 6S, EV 63.1 MPH) (infield hit)
|
|
Batting: SHB Bob Dixon
|
0-0: Ball 1-0: Called Strike 1-1: Ground out U3 (Groundball, 3L, EV 107.5 MPH)
|
| Top of the 9th over - 0 runs, 1 hit, 0 errors, 1 left on base; Lehigh Valley 2 - Oklahoma City 2 |
| BOTTOM OF THE 9TH |
|
Oklahoma City Dodgers batting - Pitching for Lehigh Valley IronPigs : RHP Andy Burchfield
|
|
Pitching: RHP Jeremy Mitchem
|
|
|
Now at 1B: Phuck II
|
|
|
Now at 2B: Raul de la Cruz
|
|
|
Batting: LHB Yasahiko Teshima
|
0-0: Called Strike 0-1: Ball 1-1: Swinging Strike 1-2: Strikes out swinging
|
|
Batting: SHB Ken Welch
|
0-0: Foul Ball, location: 2F 0-1: Ball 1-1: Ball 2-1: Fly out, F7 (Flyball, 7, EV 82.5 MPH)
|
|
Pinch Hitting: LHB Darrell Ortega
|
0-0: DOUBLE (Groundball, 3L, EV 105.6 MPH)
|
|
Batting: LHB Frank Mullen
|
0-0: Ball 1-0: Ball 2-0: Foul Ball, location: 2F 2-1: Swinging Strike 2-2: Strikes out swinging
|
| Bottom of the 9th over - 0 runs, 1 hit, 0 errors, 1 left on base; Lehigh Valley 2 - Oklahoma City 2 |
| TOP OF THE 10TH |
|
Lehigh Valley IronPigs batting - Pitching for Oklahoma City Dodgers : RHP Jared Wisham
|
|
Now at C: Martin Chavez
|
|
|
Batting: RHB Chris Pounds
|
0-0: Called Strike 0-1: Called Strike 0-2: Strikes out swinging
|
|
Batting: SHB Phuck II
|
0-0: Foul Ball, location: 2F 0-1: Ball 1-1: Ball 2-1: Foul Ball, location: 2F 2-2: Foul Ball, location: 2F 2-2: Foul Ball, location: 2F 2-2: Ball 3-2: SINGLE (Flyball, 56D, EV 89.4 MPH)
|
|
Batting: RHB Matt Sanders
|
0-0: SINGLE (Groundball, 56D, EV 105.6 MPH) Phuck II to second
|
|
Batting: SHB Benjamin Brown
|
0-0: Called Strike 0-1: Foul Ball, location: 2F 0-2: Ball 1-2: SINGLE (Flyball, 5D, EV 90.6 MPH) Phuck II to third Matt Sanders to second
|
|
Batting: RHB Luis Arce
|
0-0: Ball 1-0: Swinging Strike 1-1: Ball 2-1: Ball 3-1: Base on Balls Phuck II scores Matt Sanders to third Benjamin Brown to second
|
|
Batting: RHB Raul de la Cruz
|
0-0: Ball 1-0: Called Strike 1-1: Swinging Strike 1-2: Strikes out swinging
|
|
Batting: LHB Osamu Kubo
|
0-0: Called Strike 0-1: Ball 1-1: Foul Ball, location: 2F 1-2: Ball 2-2: Fly out, F8 (Flyball, 78M, EV 90.6 MPH)
|
| Top of the 10th over - 1 run, 3 hits, 0 errors, 3 left on base; Lehigh Valley 3 - Oklahoma City 2 |
| BOTTOM OF THE 10TH |
|
Oklahoma City Dodgers batting - Pitching for Lehigh Valley IronPigs : RHP Jeremy Mitchem
|
|
Batting: LHB Tony Vitela
|
0-0: Swinging Strike 0-1: Ball 1-1: Swinging Strike 1-2: Strikes out swinging
|
|
Batting: RHB Jeremy Giesler
|
0-0: Ball 1-0: Called Strike 1-1: Foul Ball, location: 2F 1-2: Foul Ball, location: 2F 1-2: Ball 2-2: Strikes out looking
|
|
Batting: LHB Tommy King
|
0-0: Ball 1-0: Ball 2-0: Swinging Strike 2-1: Called Strike 2-2: Ball 3-2: Base on Balls
|
|
Batting: RHB John Manocchio
|
0-0: Called Strike 0-1: Ball 1-1: Foul Ball, location: 2F 1-2: Ball 2-2: SINGLE (Groundball, 56D, EV 107.5 MPH) Tommy King to second Runner from 2nd tries for 3rd, SAFE, throw by LF made at trailing runner, OUT! 7-4
|
| Bottom of the 10th over - 0 runs, 1 hit, 0 errors, 1 left on base; Lehigh Valley 3 - Oklahoma City 2 |
|